cohdb
Replays
Latest Replays
All Replays
Popular Replays
Top Player Replays
Match Explorer
How It Works
Community
CoH3 Stats
Reddit
Sign in to upload your games and track your stats! →
Sign in with Steam
Match 43802576
Unlisted
Match 43802576
Overview
Messages
Build Orders
End
Selects Terror Battlegroup
Selects Machine Gun Camouflage
Construct Infanterie Kompanie
Kettenkrad Recon Vehicle
MG 42 Machine Gun Team
Grenadier Squad
Grenadier Squad
Construct Panzergrenadier Kompanie
Panzergrenadier Squad
251 Medium Carrier
Selects Contempt for the Weak
Panzergrenadier Squad
Infanterie Officer Quarters
Medical Bunker
Selects No Quarter
Support Elements
Nebelwerfer 42 Rocket Launcher Team
Pak 40 Anti-tank Gun Team
StuG III G Assault Gun
Construct Panzer Kompanie
Medical Bunker
Panzergrenadier Officer Quarters
Side Skirts
StuG III G Assault Gun
Selects King Tiger Heavy Tank
Medical Bunker
Selects Propaganda Leaflet Drop
Propaganda Leaflet Drop
King Tiger Heavy Tank
Propaganda Leaflet Drop
Kettenkrad Recon Vehicle
Panzergrenadier Squad
Selects V1 Rocket Strike
Propaganda Leaflet Drop
ReZuRrEcT
Legned00
Yolly
admiral_gnar
nannan12135
quka
0
0
Comments
sign in to comment!
No comments posted yet!